 Dungeon Crawl Stone Soup version 0.30-a0-322-g102857c98e (console) character file.

Game seed: 15299860999251909666

4 petzl the Sneak (level 1, -4/14 (18) HPs)
             Began as a Formicid Delver on Oct 27, 2022.
             Slain by a kobold brigand
             ... wielding a +0 club
              (7 damage)
             ... on level 6 of the Dungeon.
             The game lasted 00:02:24 (437 turns).

petzl the Sneak (Formicid Delver)                    Turns: 437, Time: 00:02:25

HP:   -4/14 (18)    AC:  3    Str: 16    XL:     1   Next: 66%
MP:   1/1           EV: 12    Int:  9    God:
Gold: 22            SH:  0    Dex: 15    Spells: 0/0 levels left

rFire   . . .      SeeInvis +    a - +0 falchion
rCold   . . .      Faith    .    (no shield)
rNeg    . . .      Spirit   .    b - +0 leather armour
rPois   .          Reflect  .    (helmet unavailable)
rElec   .          Harm     .    (no cloak)
rCorr   .          Rampage  .    (no gloves)
Will    .....                    (no boots)
Stlth   +++.......               (no amulet)
HPRegen 0.22/turn                (no ring)
MPRegen 0.07/turn                (no ring)

@: lethally poisoned (-4 -> -7), heavily drained
A: permanent stasis, dig shafts and tunnels, antennae 3, four strong arms
a: Dig, Shaft Self


You were on level 6 of the Dungeon.
You visited 1 branch of the dungeon, and saw 2 of its levels.

You collected 22 gold pieces.

Inventory:

Hand Weapons
 a - a +0 falchion (weapon)
Armour
 b - a +0 leather armour (worn)
Wands
 f - a wand of digging (3)
Scrolls
 c - a scroll of fog
 d - a scroll of magic mapping
 e - a scroll of fear
 h - a scroll of vulnerability {unknown}
 i - a scroll of noise {unknown}
 j - a scroll of poison {unknown}
Potions
 g - a potion of magic {unknown}


   Skills:
 + Level 3.3 Fighting
 + Level 2.1 Long Blades
 + Level 1.8 Dodging
 + Level 6.1 Stealth


You couldn't memorise any spells.
You didn't know any spells.
Your spell library was empty.

Dungeon Overview and Level Annotations

Branches:
Dungeon (6/15)
 Temple: D:4-7

Altars:

Annotations:
D:5 exclusions: downstairs, orc priest and scorpion
D:6 exclusion: upstairs


Innate Abilities, Weirdness & Mutations

You cannot be hasted, slowed, berserked, paralysed or teleported.
You can dig through walls and to a lower floor.
You have a pair of large antennae on your head. (SInv)
Your four strong arms can wield two-handed weapons with a shield.


Message History

You climb upwards.
Level annotation: exclusions: downstairs, orc priest and scorpion
Found a fuming ruby potion.
There is a stone staircase leading down here.
You climb downwards.
There is a stone staircase leading up here.
Press: ? - help, v - describe, . - travel A stone staircase leading up.
Placed new exclusion.
Reduced exclusion size to a single square.
Found a scroll labelled HOANKO ALABB.
j - a scroll labelled HOANKO ALABB You sense a monster nearby.
Found 13 gold pieces.
Found a club.
You now have 22 gold pieces (gained 13).
You see here a +0 club.
A kobold comes into view. It is wielding a +0 short sword.
The kobold shouts!
The kobold throws a stone.
The stone hits you but does no damage.
You closely miss the kobold. The kobold closely misses you.
You hit the kobold.
You kill the kobold!
Found a stone staircase leading down.
The kobold brigand throws a poisoned dart.
The poisoned dart hits you!
You are poisoned.
Items here: $ ( ) †.
You feel sick.
You hit the kobold brigand.
The kobold brigand is lightly wounded.
You feel sick.
The kobold brigand hits you with a +0 club.
You closely miss the kobold brigand.
The kobold brigand is lightly wounded.
* * * LOW HITPOINT WARNING * * *
You feel sick. The kobold brigand barely misses you.
The kobold brigand hits you with a +0 club!
Ouch! That really hurt!
You die...

### ..# ##.## #...# #...#
.....# #...# ....# #...#
....# #.<.##### ... +####
#.#.......#### ... ....#
#............. #.#.....#
#..###K''###...###K#.....#
...# #KK.# #.....@..>#
#### :K... ######)####
..K...) #.# #.......# #.#
#.......# #.# #.......#
#.# #.# #.# ######### #.#
#.......#
#.#######.#####.#
#.#...........#.# {
#.#.....#.###.#.# {
#####.#..##.#... #.# { {
#...).#..##.#######.#
#.#####..##.........#
#.....#..##..########
#####.#...#..#
#<........#..#
#........##..#


You could see a kobold brigand.

Vanquished Creatures
  A dart slug (D:5)
  A kobold (D:6)
2 creatures vanquished.

Vanquished Creatures (others)
  7 toadstools (D:6)
7 creatures vanquished.

Grand Total: 9 creatures vanquished

Notes
Turn   | Place    | Note
-------+----------+-------------------------------------------
     0 | D:5      | petzl the Formicid Delver began the quest for the Orb.
     0 | D:5      | Reached XP level 1. HP: 18/18 MP: 1/1
    13 | D:6      | Noticed a kobold brigand
    13 | D:6      | Noticed a kobold brigand
    15 | D:6      | Noticed a kobold brigand
   137 | D:5      | Noticed an orc priest
   137 | D:5      | Noticed an orc priest
   142 | D:5      | Noticed a scorpion
   174 | D:5      | Noticed a howler monkey
   324 | D:6      | Noticed an iguana
   437 | D:6      | Slain by a kobold brigand

Illustrated notes

Levels and vault maps discovered:
D:5:      layout_basic, minmay_misc_feat_more_columns, guppyfry_early_lair_pool
D:6:      cheibrodos_fertilizer, layout_basic, mainiacjoe_overflow_big_doors,
          minmay_temple_entry_tees

Action                   || total
-------------------------++-------
Melee: Falchion          ||     8
 Abil: Dig               ||     1
Armor: Leather armour    ||     1
Dodge: Dodged            ||     5

Table legend: (Time is in decaauts)
 A = Elapsed time spent in this place.
 B = Non-inter-level travel time spent in this place.
 C = Inter-level travel time spent in this place.
 D = Time resting spent in this place.
 E = Time spent auto-exploring this place.
 F = Levels seen in this place.
 G = Mean time per level.
                   A        B        C        D        E       F      G
               +--------+--------+--------+--------+--------+-----+--------+
         Total |    438 |    438 |      0 |     73 |      4 |   2 |  219.0 |
       Dungeon |    438 |    438 |      0 |     73 |      4 |   2 |  219.0 |
               +--------+--------+--------+--------+--------+-----+--------+

Top non-repeatable levels by time:
     D:5: 265 daAuts
     D:6: 173 daAuts
